 Dungeon Crawl Stone Soup version 0.18-a0-1435-gee79d65 (webtiles) character file.

7 4thArraOfDagon the Scratcher (level 1, -3/10 HPs)
             Began as a Felid Fighter on Feb 28, 2016.
             Shot with a stone by a goblin (4 damage)
             ... on level 2 of the Dungeon.
             The game lasted 00:01:30 (280 turns).

4thArraOfDagon the Scratcher (Felid Fighter)         Turns: 280, Time: 00:01:30

Health: -3/10      AC:  1    Str: 12    XL:     1   Next: 83%
Magic:  2/2        EV: 19    Int:  9    God:
Gold:   0          SH:  0    Dex: 15    Spells: 0 memorised, 0 levels left
                                        Lives:  0   Deaths: 0

rFire  . . .     SeeInvis +       - Unarmed
rCold  . . .     Gourm    .     (armour unavailable)
rNeg   . . .     Faith    +     (shield unavailable)
rPois  .         Spirit   .     (helmet unavailable)
rElec  .         Dismiss  .     (cloak unavailable)
rCorr  .         Reflect  .     (gloves unavailable)
SustAt .         Harm     .     (boots unavailable)
MR     .....                    g - amulet of faith
Stlth  ++........               (no ring)
                                (no ring)

@: very slightly contaminated, invisible, quick, not resistant to hostile
enchantments, unstealthy
A: no armour, no weapons or thrown items, claws 1, fangs 3, see invisible,
carnivore 3, speed 1, shaggy fur 1, slow metabolism 1, sharp paws
a: no special abilities


You were on level 2 of the Dungeon.
You were very full.

You visited 1 branch of the dungeon, and saw 3 of its levels.

Inventory:

Jewellery
 g - an amulet of faith (around neck)
 h - an uncursed ring of fire
Scrolls
 d - 2 scrolls of identify {unknown}
 e - a scroll of teleportation {unknown}
 f - a scroll of blinking {unknown}
 i - a scroll of remove curse {unknown}
 j - a scroll of magic mapping {unknown}
Potions
 a - a potion of might
Comestibles
 b - a meat ration


   Skills:
 - Level 3.0 Fighting
 + Level 4.0 Dodging
 * Level 1.5 Stealth
 * Level 4.1 Unarmed Combat


You couldn't memorise any spells.
You didn't know any spells.

Dungeon Overview and Level Annotations

Branches:
Dungeon (3/15)

Altars:


Innate Abilities, Weirdness & Mutations

You cannot wear armour.
You are incapable of wielding weapons or throwing items.
You have sharp claws.
You have razor-sharp teeth.
You have supernaturally acute eyesight.
You are carnivorous and can eat meat at any time.
You cover ground quickly.
You are covered in fur (AC +1).
You have a slow metabolism.
Your sharp claws are effective at attacking unaware monsters.


Message History

You see here a stone.
Unknown command.
Unknown command.
The rat completely misses you.
You closely miss the rat. The rat closely misses you.
The goblin shoots a stone.
The stone hits you!
Ouch! That really hurt!
* * * LOW HITPOINT WARNING * * *
You scratch the rat.
You kill the rat!
The goblin shoots a stone.
The stone barely misses you.
You are too injured to fight recklessly!
You are too injured to fight recklessly!
You are too injured to fight recklessly!
Drink which item? (? for menu, Esc to quit)
It was a potion of invisibility.
You fade into invisibility!
You are very lightly contaminated with residual magic.
The goblin shoots a stone.
The stone hits you.
You die...

#.# ##<# #.#.# #.# ###
#.#.# #.. # #.#.# #..
#. #...# #.#######
##..#
#.......#####..#######
#.......'.............
#.....(#####.......##
#...@..# #.>.....+
#....(.# ###.....#
#.....†# .....#
#......# .....#
#..g...# .....#
#......# .....#
######## .....# .....#


You could see a goblin.

Vanquished Creatures
  A giant gecko (D:3)
  2 bats (D:1)
  A kobold (D:3)
  2 rats (D:2)
6 creatures vanquished.

Notes
Turn   | Place    | Note
--------------------------------------------------------------
     0 | D:1      | 4thArraOfDagon the Felid Fighter began the quest for the Orb.
     0 | D:1      | Reached XP level 1. HP: 10/10 MP: 2/2
   157 | D:3      | Reached skill level 1 in Stealth
   205 | D:3      | Noticed an orc wizard
   229 | D:3      | che itime
   280 | D:2      | Shot with a stone by a goblin

Vault maps used:
D:1:      dpeg_chamrin_arrival_tetris, item_on_display_a
D:3:      lemuel_round_altar, cheibriados_altar_wand_db, first_bread, uniq_robin

Skill      XL: |  1 |
---------------+----+-----
Stealth        | 1 |  1.5
Fighting       | |  3.0
Dodging        | |  4.0
Unarmed Combat | |  4.1

Action                   || total
-------------------------++-------
Melee: Unarmed           ||    11
  Use: Potion            ||     1
 Stab: Sleeping          ||     1
  Eat: Chunk             ||     4
